 Dungeon Crawl Stone Soup version 0.31.0-11-ge490571c62 (webtiles) character file.

Game seed: 9730044017243873143

1923773 Daunt the Slayer (level 27, 240/242 HPs)
             Began as a Formicid Shapeshifter on Feb 3, 2024.
             Was a High Priest of Nemelex Xobeh.
             Escaped with the Orb
             ... and 3 runes
             ... and 1 gem (0 intact) on Feb 5, 2024!
             The game lasted 07:05:34 (60572 turns).

Daunt the Slayer (Formicid Shapeshifter)           Turns: 60572, Time: 07:05:35

Health: 240/242    AC: 42    Str: 35      XL:     27
Magic:  39/39      EV: 10    Int:  7 (8)  God:    Nemelex Xobeh [*****.]
Gold:   6618       SH: 30    Dex:  6      Spells: 26/26 levels left

rFire   + + .        a - +5 battleaxe of the Everdark {vamp, rElec rC+ Will++ rCorr}
rCold   + + +        R - +10 tower shield of Ignorance {rN+ Int-4}
rNeg    + . .        A - +8 gold dragon scales
rPois   +            (helmet unavailable)
rElec   +            S - +2 cloak
rCorr   +            Z - +1 pair of gloves of Insecurity {rC++}
SInv    +            q - +2 pair of boots {Fly}
Will    ++++.        F - amulet "Sasir" {Spirit +Blink rC++ rCorr Dex-3} Stlth
                     G - +4 ring of slaying
HPRegen 0.60/turn    y - ring "Ydukkeut" {rPois rF+ rC- Str+4}
MPRegen 0.26/turn

%: clarity, guardian spirit
@: flying, studying Staves
A: permanent stasis, dig shafts and tunnels, antennae 3, four strong arms,
clarity, clumsy 2, electricity resistance, MP-powered wands
0: Orb of Zot
}: 3/15 runes: serpentine, barnacled, silver
a: Dig, Shaft Self, Renounce Religion, Draw Escape, Draw Destruction, Draw
Summoning, Draw Stack, Triple Draw, Deal Four, Stack Five


You escaped.
You worshipped Nemelex Xobeh.
Nemelex Xobeh was extremely pleased with you.
You visited 11 branches of the dungeon, and saw 51 of its levels.
You also visited: Bailey, Ice Cave and Volcano.

You collected 9820 gold pieces.
You spent 3202 gold pieces at shops.

Inventory:

Hand Weapons
 a - the +5 battleaxe of the Everdark (weapon) {vamp, rElec rC+ Will++ rCorr}
   (You took it off a vampire knight on level 1 of the Crypt)

   rC+:       It protects you from cold.
   rElec:     It insulates you from electricity.
   Will++:    It greatly increases your willpower.
   rCorr:     It protects you from acid and corrosion.
 b - a +9 executioner's axe of freezing
 c - the +8 trishula "Condemnation" {holy, anguish, *Noise Fly rN+}
   (You bought it in a shop on level 11 of the Dungeon)

   rN+:       It protects you from negative energy.
   Fly:       It grants you flight.
   *Noise:    It may make a loud noise when swung.
Missiles
 k - 11 javelins
 r - 9 silver javelins
 t - 19 atropa-tipped darts
 D - 6 datura-tipped darts
 E - 52 boomerangs (quivered)
 P - 12 darts of dispersal
 Q - 6 curare-tipped darts
 Y - 5 throwing nets
Armour
 q - a +2 pair of boots of flying (worn)
 A - +8 gold dragon scales (worn)
 R - the +10 tower shield of Ignorance (worn) {rN+ Int-4}
   (You found it in an ice cave)

   Int-4:     It affects your intelligence (-4).
   rN+:       It protects you from negative energy.
 S - a +2 cloak (worn)
 Z - the +1 pair of gloves of Insecurity (worn) {rC++}
   (You found it on level 9 of the Dungeon)

   rC++:      It greatly protects you from cold.
Jewellery
 p - a +6 ring of intelligence
 y - the ring "Ydukkeut" (right hand) {rPois rF+ rC- Str+4}
   (You bought it in a shop on level 1 of the Snake Pit)

   [ring of poison resistance]

   Str+4:     It affects your strength (+4).
   rF+:       It protects you from fire.
   rC-:       It makes you vulnerable to cold.
   rPois:     It protects you from poison
 F - the amulet "Sasir" (around neck) {Spirit +Blink rC++ rCorr Dex-3}
   (You found it on level 5 of the Vaults)

   [amulet of guardian spirit]

   Spirit:    It causes incoming damage to be divided between your reserves of
   health and magic.
   Dex-3:     It affects your dexterity (-3).
   rC++:      It greatly protects you from cold.
   +Blink:    It lets you blink.
   rCorr:     It protects you from acid and corrosion.
 G - a +4 ring of slaying (left hand)
 H - the amulet of the Four Winds {rN+ Will+++ Clar}
   (You bought it in a shop on level 1 of the Vaults)

   [amulet of nothing]

   rN+:       It protects you from negative energy.
   Will+++:   It greatly increases your willpower.
   Clar:      It protects you from confusion, rage, mesmerisation and fear.
Wands
 i - a wand of quicksilver (26)
 w - a wand of paralysis (46)
 x - a wand of roots (55)
 I - a wand of digging (20)
 N - a wand of mindburst (61)
Scrolls
 f - 9 scrolls of fog
 j - 3 scrolls of silence
 l - 8 scrolls of fear
 m - 7 scrolls of revelation
 s - 5 scrolls of poison
 C - 10 scrolls of vulnerability
 U - 4 scrolls of butterflies
 W - 13 scrolls of immolation
 X - a scroll of enchant armour
Potions
 e - 9 potions of enlightenment
 g - 5 potions of attraction
 h - 7 potions of lignification
 o - a potion of ambrosia
 u - 3 potions of resistance
 v - 8 potions of invisibility
 z - 21 potions of curing
 J - 12 potions of might
 K - 11 potions of heal wounds
 L - 5 potions of cancellation
 M - 7 potions of magic
 T - 10 potions of mutation
Miscellaneous
 d - a phantom mirror
 n - a lightning rod (4/4)
 B - a tin of tremorstones (2/2)
 O - a phial of floods
 V - a sack of spiders


   Skills:
 - Level 25.0 Fighting
 - Level 23.2(24.0) Axes
 - Level 11.0(18.4) Polearms
 - Level 2.0 Ranged Weapons
 - Level 11.0 Throwing
 + Level 20.7 Armour
 + Level 14.9 Dodging
 - Level 23.0 Shields
 - Level 3.0 Unarmed Combat
 - Level 25.0 Invocations
 - Level 8.0 Evocations
 - Level 3.2 Shapeshifting


You had 26 spell levels left.
You didn't know any spells.
Your spell library contained the following spells:

 Spells                   Type           Power      Damage    Failure   Level
 Apportation              Tloc           0%         N/A       99%         1
 Freeze                   Ice            0%         1d3       99%         1
 Necrotise                Necr           0%         1d4       99%         1
 Shock                    Conj/Air       0%         1d3       99%         1
 Sting                    Conj/Alch      0%         1d3       99%         1
 Summon Small Mammal      Summ           0%         N/A       99%         1
 Lesser Beckoning         Tloc           0%         N/A       99%         2
 Scorch                   Fire           0%         2d5       99%         2
 Sublimation of Blood     Necr           0%         N/A       99%         2
 Frozen Ramparts          Ice            0%         1d1       100%        3
 Gell's Gravitas          Tloc           0%         N/A       100%        3
 Hailstorm                Conj/Ice       0%         3d5       100%        3
 Stone Arrow              Conj/Erth      0%         3d7       100%        3
 Teleport Other           Tloc           0%         N/A       100%        3
 Volatile Blastmotes      Fire/Tloc      0%         2d10      100%        3
 Airstrike                Air            0%         2d(0-16)  100%        4
 Animate Armour           Summ/Erth      0%         N/A       100%        4
 Flame Wave               Conj/Fire      0%         2d4       100%        4
 Fulminant Prism          Conj/Alch      0%         3d5       100%        4
 Iskenderun's Mystic Bla  Conj/Tloc      0%         2d3       100%        4
 Olgreb's Toxic Radiance  Alch           0%         N/A       100%        4
 Petrify                  Alch/Erth      0%         N/A       100%        4
 Summon Lightning Spire   Summ/Air       0%         N/A       100%        4
 Arcjolt                  Conj/Air       0%         1d10      100%        5
 Irradiate                Conj/Alch      0%         3d11      100%        5
 Lee's Rapid Deconstruct  Erth           0%         3d4*      100%        5
 Plasma Beam              Fire/Air       0%         2x1d10    100%        6
 Summon Cactus Giant      Summ           0%         N/A       100%        6
 Ozocubu's Refrigeration  Ice            0%         4d7       100%        7
 Discord                  Hex            0%         N/A       100%        8
 Lehudib's Crystal Spear  Conj/Erth      0%         10d2      100%        8
 Swiftness                Air            Unusable   N/A       N/A         3
 Vhi's Electric Charge    Tloc/Air       Unusable   N/A       N/A         4

Dungeon Overview and Level Annotations

Branches:
Dungeon (15/15)            Temple (1/1) D:4            Lair (5/5) D:10
 Shoals (4/4) Lair:3        Snake (4/4) Lair:2        Slime (0/5) Lair:5
    Orc (2/2) D:12            Elf (3/3) Orc:2        Vaults (5/5) D:13
  Crypt (3/3) Vaults:3       Tomb (0/3) Crypt:3      Depths (4/4) D:15
    Zot (5/5) Depths:4     Bailey (visited)           IceCv (visited)
Volcano (visited)

Altars:
Ashenzari
Cheibriados
Dithmenos
Elyvilon
Fedhas
Gozag
Hepliaklqana
Kikubaaqudgha
Makhleb
Nemelex Xobeh
Okawaru
Qazlal
Ru
Sif Muna
Trog
Uskayaw
Vehumet
Wu Jian
Xom
Yredelemnul
Zin
The Shining One

Shops:
D:4 (   D:11 (   D:13 !   D:15 :   Orc:2 ?(::   Elf:2 (   Elf:3 (   Shoals:3 (
Snake:1 :==   Vaults:1 =   Vaults:3 (   Vaults:4 :

Portals:
Hell: Depths:1 Depths:2 Depths:3 Depths:4
Abyss: Depths:3 Depths:4
Pandemonium: Depths:2 Depths:3 Depths:4
Ziggurat: Depths:2

Annotations:
D:12 2 transporters
D:13 2 transporters, Poeklyxamm's ghost, journeyman MiFi
Lair:5 1 runed translucent door
Shoals:2 !
Snake:2 6 transporters
Elf:2 5 runed translucent doors


Innate Abilities, Weirdness & Mutations

You cannot be hasted, slowed, berserked, paralysed or teleported.
You can dig through walls and to a lower floor.
You have a pair of large antennae on your head. (SInv)
Your four strong arms can wield two-handed weapons with a shield.
You possess an exceptional clarity of mind.
You are very clumsy. (Dex -4)
You are resistant to electric shocks. (rElec)
You expend magic power (3 MP) to strengthen your wands.


Message History

There is a stone staircase leading down here.
You sense a monster nearby.
A hell beast comes into view.
The hell beast growls angrily. 2 golden eyes come into view.
A golden eye comes into view.
The golden eye turns its gaze towards you. x2
The hell beast attacks as it pursues you!
You block the hell beast's attack. x2
The golden eye blinks at you. You resist with almost no effort.
The hell beast attacks as it pursues you!
You block the hell beast's attack. x2
The golden eye blinks at you. You resist with almost no effort.
The golden eye blinks!
The golden eye blinks at you. You resist with almost no effort.
You block the hell beast's attack. x2
The golden eye blinks at you. You resist with almost no effort.
The hell beast attacks as it pursues you!
You block the hell beast's attack. x2
The golden eye blinks!
The golden eye blinks at you. You resist with almost no effort.
The hell beast bites you. You block the hell beast's attack.
The golden eye blinks at you. You resist with almost no effort.
A demonspawn warmonger and a reaper come into view.
The demonspawn warmonger is wielding a +2 dire flail and wearing a +3 plate armour of fire resistance.
The reaper is wielding a +2 scythe of protection.
Unknown command.
Unknown command.
The golden eye blinks!
The golden eye blinks at you. You resist with almost no effort.
The golden eye blinks!
There is a staircase leading out of the dungeon here.
Unknown command.
You block the hell beast's attack. x2
The golden eye blinks at you. You resist with almost no effort.
You block the hell beast's attack. x2
You have escaped!

..........#.........#............
..........#.........#............
.#+##################............
...# #............ .###
########### #............ ...#
#.........# #............ ##.#
#.........###......... .
##.######.......6............####
..2....##....2.2@...............#
..####2.#....8..................#
.. ##.#...♣...................#
.. #.#....G..................#
##### #..........G..............#
....####........................#
##..#'##.......................)#
##......###..G..................#
........###...............###...#


You could see a demonspawn warmonger, a hell beast, a reaper and 3 golden eyes.

Vanquished Creatures
  Khufu (Crypt:3)
  2 dread liches
  4 orbs of fire (Zot:5)
  2 ancient liches (Zot:5)
  A juggernaut (Depths:3)
  6 Killer Klowns (Zot:5)
  Bai Suzhen (Vaults:5)
  2 curse toes (Zot:3)
  3 caustic shrikes
  14 golden dragons
  The ghost of Pentibyell the Devastator, a veteran GrEE of Lugonu (Crypt:1)
  A profane servitor (Crypt:3)
  2 bone dragons
  A doom hound (Vaults:5)
  A Tzitzimitl (Depths:2)
  3 electric golems
  A walking crystal tome (Depths:3)
  3 deep elf blademasters (Elf:3)
  Rupert (D:14)
  27 Orb Guardians
  10 liches
  10 tentacled monstrosities
  An Ice Fiend (IceCv)
  A walking earthen tome (Depths:3)
  A walking frostbound tome (Depths:1)
  Frances (Shoals:2)
  6 quicksilver dragons
  A kraken (Shoals:4)
  The ghost of Ullipcorian the Executioner, an adept HOFi of Okawaru (Shoals:2)
  3 titans
  A deep elf master archer (Elf:3)
  6 death cobs
  Gastronok (Lair:1)
  8 sphinxes
  An ancient champion (Crypt:3)
  13 storm dragons
  9 shadow dragons
  5 nagarajas
  7 tengu reavers
  5 revenants
  Roxanne (Shoals:2)
  Ilsuiw (Shoals:2)
  A rockslime (Vaults:5)
  A storm dragon (shapeshifter) (Snake:4)
  4 protean progenitors
  9 deep elf sorcerers
  6 draconian monks
  7 frost giants
  7 draconian knights
  8 fire giants
  5 draconian shifters
  9 vault wardens
  6 draconian scorchers
  A caustic shrike zombie (Crypt:2)
  3 ghost moths
  3 iron dragons
  A balrug (Depths:4)
  10 deep elf elementalists (Elf:3)
  A spriggan defender (Depths:1)
  2 curse skulls (Crypt:2)
  11 ghouls
  An orc warlord (Vaults:4)
  4 draconian stormcallers
  2 formless jellyfish
  5 draconian annihilators
  A juggernaut skeleton (Depths:3)
  22 stone giants
  A cacodemon (Depths:3)
  15 very ugly things
  10 green draconians
  22 ironbound preservers
  11 vampire knights
  A broodmother (Vaults:4)
  5 ironbound thunderhulks
  9 black draconians
  An elemental wellspring (Shoals:1)
  5 white draconians
  7 deep elf annihilators
  17 yellow draconians
  6 deep elf death magi
  4 spark wasps
  5 deep elf demonologists
  Azrael (D:15)
  A war gargoyle (Vaults:4)
  11 dire elephants
  A minotaur (Vaults:3)
  8 red draconians
  9 purple draconians
  5 eidola (Crypt:2)
  A green death (D:14)
  2 mummy priests (Crypt:3)
  3 merfolk javelineers
  A blizzard demon (Depths:4)
  9 merfolk impalers
  9 fire dragons
  25 jiangshi
  10 ettins
  Josephine (Lair:4)
  Fannar (Lair:1)
  The ghost of Bravepunisher the Pandemonic, a journeyman SpMo of Makhleb (Lair:3)
  4 entropy weavers
  13 yaktaur captains
  6 deep elf high priests
  A hydra (Lair:5)
  10 ice dragons
  3 spriggan zombies
  2 caustic shrike simulacra (IceCv)
  8 great orbs of eyes
  A spriggan air mage (Depths:3)
  7 anacondas
  3 merfolk avatars
  33 vault guards
  2 salamander tyrants
  2 jorogumos
  A rakshasa (Depths:2)
  A fenstrider witch skeleton (Crypt:1)
  11 ironbound frosthearts
  A catoblepas (Lair:4)
  3 radroaches
  4 boulder beetles
  3 ogre magi
  6 two-headed ogres (D:13)
  An alligator snapping turtle (Shoals:3)
  5 merfolk aquamancers
  2 death knights (Crypt:3)
  13 deep troll shamans
  5 tengu warriors
  4 hell hogs (D:7)
  12 centaur warriors
  8 deep troll earth magi
  5 satyrs
  Erica (D:7)
  7 vampire magi
  4 death yaks
  12 naga warriors
  5 orc high priests
  16 dancing weapons
  6 naga sharpshooters
  5 spriggan berserkers
  2 shock serpents (Snake:2)
  A spectral naga (Crypt:3)
  A sun demon (Depths:3)
  Amaemon (D:8)
  2 occultists
  9 salamander mystics
  7 deep elf knights
  5 soul eaters
  A storm dragon zombie (Crypt:1)
  A fire crab (Depths:4)
  5 shadow wraiths
  37 skeletal warriors
  A hell knight (Depths:2)
  Lodul (D:12)
  2 storm dragon skeletons
  8 iron trolls
  4 sea snakes
  A skyshark (shapeshifter) (Vaults:5)
  70 deep trolls
  4 skysharks
  5 naga ritualists (Snake:4)
  A large abomination (Crypt:3)
  8 mana vipers
  An obsidian statue (IceCv)
  A sun moth (Vaults:4)
  A death drake (Vaults:5)
  8 arcanists
  3 glowing orange brains
  7 spriggan simulacra (IceCv)
  A death drake (shapeshifter) (Depths:4)
  A shadow demon (D:15)
  A mana viper (shapeshifter) (Depths:2)
  7 flayed ghosts
  5 lindwurms
  A quicksilver dragon simulacrum (Vaults:4)
  11 phantasmal warriors
  22 deep elf zephyrmancers
  11 deep elf archers
  12 orc knights
  6 orc sorcerers
  2 tengu zombies
  Pikel (D:7)
  A harpy (shapeshifter) (Elf:2)
  A steelbarb worm (Vaults:2)
  2 bog bodies
  17 ironbound convokers
  37 ugly things
  A faun (shapeshifter) (Vaults:1)
  16 harpies
  2 tengu skeletons
  14 necromancers
  An ugly thing (shapeshifter) (Vaults:1)
  2 wolf spiders (Zot:5)
  Maurice (D:8)
  21 deep elf pyromancers
  An iron dragon zombie (Depths:3)
  2 shadow dragon skeletons (Depths:3)
  24 fauns
  24 salamanders
  8 manticores
  An alligator skeleton (Crypt:2)
  5 kobold blastminers
  33 moths of wrath
  6 cyclopes
  A salamander (shapeshifter) (Elf:1)
  A centaur zombie (Crypt:1)
  8 merfolk sirens
  28 black mambas
  12 water nymphs
  17 naga magi
  4 gargoyles
  8 guardian serpents
  A rust devil (Depths:4)
  A stone giant skeleton (Crypt:2)
  22 vault sentinels
  An orc zombie (Crypt:1)
  A frost giant skeleton (Depths:3)
  Maggie (D:8)
  4 molten gargoyles (Elf:1)
  An eye of devastation (Vaults:5)
  7 elephants
  A cane toad (shapeshifter) (D:13)
  A centaur skeleton (Crypt:1)
  A yaktaur zombie (Vaults:4)
  3 rime drakes (Lair:3)
  Jeremiah (D:7)
  6 efreet
  3 orange demons
  3 unseen horrors
  A tormentor (Depths:3)
  19 cane toads
  4 kobold demonologists
  38 yaktaurs
  A dire elephant skeleton (Crypt:1)
  8 ice devils (IceCv)
  A black draconian zombie (Crypt:2)
  11 freezing wraiths
  A minotaur zombie (Crypt:2)
  5 komodo dragons
  An unseen horror skeleton (Crypt:2)
  2 golden dragon simulacra (IceCv)
  4 tengu conjurers
  7 guardian mummies (Crypt:3)
  A hydra zombie (Crypt:1)
  4 tyrant leeches
  A polar bear (shapeshifter) (Depths:4)
  6 trolls
  3 harpy zombies
  A wind drake (shapeshifter) (Vaults:1)
  4 hornets
  A queen bee (shapeshifter) (Vaults:5)
  2 wind drakes
  28 merfolk
  A shadow dragon simulacrum (Vaults:3)
  7 polar bears
  4 alligator simulacra (IceCv)
  4 glass eyes
  2 glass eyes (shapeshifter)
  A raiju (shapeshifter) (Vaults:1)
  35 blink frogs
  8 snapping turtles
  A raiju (Depths:2)
  A snapping turtle (shapeshifter) (Elf:2)
  21 dream sheep
  An air elemental (Elf:2)
  3 spriggan skeletons
  4 human simulacra
  A stone giant simulacrum (Vaults:2)
  A centaur simulacrum (D:15)
  A black mamba zombie (Crypt:1)
  3 jumping spiders (shapeshifter)
  4 spriggans
  2 shadows (Crypt:3)
  20 water elementals
  14 wraiths
  73 yaks
  35 slime creatures
  A ynoxinul (Depths:3)
  7 wyverns
  A wyvern (shapeshifter) (Vaults:4)
  A hog (D:14)
  A naga simulacrum (Crypt:1)
  2 steam dragons
  2 dire elephant simulacra (IceCv)
  A golden eye (Vaults:3)
  7 basilisks
  6 fire bats
  10 minotaur simulacra
  12 fire elementals
  5 redbacks
  13 vampire mosquitoes
  A death yak simulacrum (Lair:3)
  A chaos spawn (D:7)
  Menkaure (D:7)
  A swamp worm (shapeshifter) (Vaults:1)
  A fire bat zombie (Crypt:1)
  2 harpy simulacra
  48 nagas
  3 catoblepas simulacra (Lair:3)
  A glowing shapeshifter zombie (Depths:3)
  A human zombie (Vaults:3)
  A hydra simulacrum (IceCv)
  25 water moccasins
  2 acid dragons
  A hell hound (D:15)
  23 orc warriors
  A sky beast (Vaults:5)
  2 ice beasts
  A snapping turtle zombie (Crypt:1)
  29 laughing skulls
  3 black bears
  19 ogres
  A black mamba simulacrum (Lair:3)
  6 boggarts
  A tengu (Vaults:3)
  An ettin simulacrum (Crypt:3)
  A crocodile (Snake:4)
  12 wolves
  3 small abominations (Crypt:3)
  25 centaurs
  A lemure (D:7)
  2 phantoms (D:7)
  5 kobold brigands
  A hog skeleton (Crypt:1)
  7 necrophages
  4 deep troll simulacra (IceCv)
  A weeping skull (Crypt:3)
  A gnoll sergeant (D:6)
  18 bullfrogs
  4 earth elementals (Volcano)
  3 scorpions
  4 burial acolytes (Crypt:3)
  7 wights
  A blink frog simulacrum (Lair:3)
  A dream sheep simulacrum (Lair:3)
  2 lindwurm simulacra (IceCv)
  A polar bear zombie (Crypt:2)
  4 killer bees (D:9)
  7 howler monkeys
  An electric eel (D:13)
  A yak skeleton (Crypt:2)
  A rime drake simulacrum (Lair:3)
  16 orc priests
  A bombardier beetle (D:6)
  A jelly (D:6)
  2 gnoll boudas
  2 hounds
  An iguana (D:6)
  A sleepcap (D:7)
  Jessica (D:2)
  Terence (D:3)
  29 orc wizards
  An ogre zombie (Crypt:1)
  36 gnolls
  6 adders
  2 white imps
  4 ufetubi (D:5)
  An adder zombie (Crypt:1)
  3 dart slugs
  4 ribbon worms
  67 orcs
  4 ball pythons (D:1)
  4 bats
  6 endoplasms
  A giant cockroach (D:1)
  9 goblins
  10 hobgoblins
  4 jackals (D:4)
  A quokka (D:4)
  3 training dummies (Elf:3)
  3 frilled lizards
  15 kobolds
  A quokka skeleton (Crypt:2)
  A rat (D:2)
  4 tentacles (Shoals:4)
2399 creatures vanquished.

Vanquished Creatures (collateral kills)
  An orb of fire (Zot:5)
  A tentacled monstrosity (Zot:5)
  An Orb Guardian (Zot:5)
  Aizul (Vaults:1)
  A very ugly thing (Vaults:1)
  A boulder beetle (D:15)
  An anaconda (Snake:4)
  A two-headed ogre (D:11)
  2 naga warriors (Snake:4)
  A salamander (Snake:4)
  2 nagas (Snake:4)
13 creatures vanquished.

Vanquished Creatures (others)
  An ancient lich (Depths:3)
  A caustic shrike (Depths:3)
  A golden dragon (Depths:4)
  A titan (Depths:3)
  An ancient champion (Crypt:2)
  A storm dragon (Zot:2)
  A fire giant (Depths:2)
  2 frost giants
  3 curse skulls
  An ironbound preserver (Vaults:1)
  An ironbound thunderhulk (Vaults:3)
  A stone giant (Depths:2)
  A jiangshi (Crypt:2)
  A merfolk javelineer (Shoals:1)
  2 fire dragons
  A salamander tyrant (Snake:4)
  3 hydras
  An ice dragon (Depths:4)
  3 anacondas
  A centaur warrior (D:14)
  A two-headed ogre (D:13)
  A deep troll earth mage (Depths:1)
  A naga sharpshooter (Snake:3)
  A satyr (Shoals:4)
  5 shock serpents
  A skeletal warrior (Crypt:1)
  A goliath frog (Lair:5)
  An iron troll (Depths:1)
  A mana viper (Snake:4)
  3 deep trolls
  A flayed ghost (Crypt:2)
  A sea snake (Shoals:1)
  A deep elf zephyrmancer (Elf:1)
  2 ugly things
  A manticore (Shoals:4)
  A salamander (Snake:4)
  2 water nymphs
  A guardian serpent (Snake:4)
  A black mamba (Snake:3)
  A gargoyle (Volcano)
  2 cane toads
  3 komodo dragons
  A merfolk (Shoals:1)
  A wind drake (Shoals:4)
  2 blink frogs
  A snapping turtle (Shoals:4)
  A wraith (Lair:4)
  A wyvern (Lair:1)
  A vampire (D:11)
  3 yaks
  A naga (Snake:4)
  A hell hound (D:14)
  An orc warrior (Orc:1)
  A sky beast (D:7)
  3 wolves
  A boggart (Vaults:1)
  An ogre (Vaults:5)
  A kobold brigand (D:13)
  A scorpion (Vaults:3)
  An orc priest (D:13)
  16 tentacles
100 creatures vanquished.

Grand Total: 2512 creatures vanquished

Notes
Turn   | Place    | Note
-------+----------+-------------------------------------------
     0 | D:1      | Daunt the Formicid Shapeshifter began the quest for the
                  | Orb.
     0 | D:1      | Reached XP level 1. HP: 15/15 MP: 1/1
   134 | D:1      | Reached XP level 2. HP: 16/22 MP: 2/2
   371 | D:2      | Reached XP level 3. HP: 26/29 MP: 3/3
   675 | D:3      | Noticed Terence
   689 | D:2      | Noticed Jessica
   701 | D:2      | Killed Jessica
   702 | D:2      | Reached XP level 4. HP: 27/37 MP: 2/4
   795 | D:2      | Identified the +6 hand axe "Ziute" {freeze, ^Fragile rPois
                  | rN+ Dex+3}
  1175 | D:3      | Reached skill level 1 in Axes
  1281 | D:4      | Noticed an ogre
  1346 | D:3      | Killed Terence
  1347 | D:3      | Reached XP level 5. HP: 35/43 MP: 3/5
  1432 | D:3      | Found a broken altar of Ashenzari.
  1567 | D:5      | Entered Level 5 of the Dungeon
  1953 | D:4      | Reached XP level 6. HP: 43/49 MP: 6/6
  2128 | D:4      | Found a staircase to the Ecumenical Temple.
  2136 | Temple   | Entered the Ecumenical Temple
  2144 | Temple   | Became a worshipper of Nemelex Xobeh the Trickster
  2485 | D:4      | Found Boabloli's Weapon Emporium.
  2752 | D:5      | Found a bloodstained altar of Trog.
  2835 | D:5      | Noticed a black bear
  3096 | D:5      | Reached skill level 5 in Axes
  3096 | D:5      | Reached XP level 7. HP: 53/55 MP: 5/7
  3130 | D:5      | Identified a scroll of acquirement
  3137 | D:5      | Acquired a +2 pair of boots of flying
  3774 | D:6      | Noticed a steam dragon
  3961 | D:5      | Reached XP level 8. HP: 59/61 MP: 8/8
  4289 | D:6      | Reached * piety under Nemelex Xobeh
  4306 | D:6      | Noticed a wyvern
  4318 | D:6      | Killed a wyvern
  4456 | D:6      | Received a gift from Nemelex Xobeh
  4560 | D:6      | Reached XP level 9. HP: 46/66 MP: 6/9
  4765 | D:7      | Reached skill level 10 in Axes
  4903 | D:7      | Noticed Jeremiah
  5044 | D:7      | Received a gift from Nemelex Xobeh
  5070 | D:7      | Found a flagged portal.
  5070 | D:7      | Noticed Menkaure
  5106 | D:7      | Killed Menkaure
  5107 | D:7      | Reached skill level 1 in Armour
  5107 | D:7      | Reached skill level 1 in Invocations
  5148 | Bailey   | Entered a bailey
  5198 | Bailey   | Reached ** piety under Nemelex Xobeh
  5650 | Bailey   | Reached XP level 10. HP: 76/76 MP: 10/15
  5837 | D:7      | Noticed Pikel
  5852 | D:7      | Killed Pikel
  5853 | D:7      | Reached XP level 11. HP: 79/83 MP: 14/16
  5948 | D:8      | Noticed Erica
  5949 | D:8      | Noticed Amaemon
  5957 | D:7      | Killed Erica
  6638 | D:8      | Found an opulent altar of Gozag.
  6639 | D:8      | Noticed Maggie
  6646 | D:8      | Noticed Maurice
  6655 | D:8      | Killed Maggie
  6678 | D:8      | Killed Amaemon
  6683 | D:8      | Killed Maurice
  6978 | D:10     | Entered Level 10 of the Dungeon
  7089 | D:9      | Reached skill level 1 in Shields
  7093 | D:9      | Noticed a sun demon
  7270 | D:9      | Identified the +1 pair of gloves of Insecurity {rC++}
  7328 | D:9      | Reached *** piety under Nemelex Xobeh
  7348 | D:9      | Found a blossoming altar of Fedhas.
  7517 | D:9      | Reached XP level 12. HP: 94/94 MP: 18/18
  8015 | D:10     | Reached skill level 5 in Shields
  8071 | D:10     | Found a staircase to the Lair.
  8211 | D:11     | Received a gift from Nemelex Xobeh
  8369 | D:11     | Noticed a two-headed ogre
  8406 | D:11     | Noticed a boulder beetle
  8490 | D:11     | Killed a boulder beetle
  8593 | D:11     | Reached skill level 10 in Fighting
  8660 | D:12     | Noticed a centaur warrior
  8665 | D:11     | Found Ushoufusyl's Weapon Shop.
  8677 | D:11     | Reached **** piety under Nemelex Xobeh
  8739 | D:11     | Killed a two-headed ogre
  8873 | D:12     | Received a gift from Nemelex Xobeh
  8903 | D:12     | Reached skill level 10 in Invocations
  8960 | D:12     | Noticed a fire crab
  8960 | D:12     | Found a transporter.
  8960 | D:12     | Found a transporter.
  9193 | D:12     | Reached XP level 13. HP: 103/104 MP: 20/20
  9213 | D:12     | Found a staircase to the Orcish Mines.
  9316 | D:12     | Killed a centaur warrior
  9557 | D:12     | Noticed Lodul
  9595 | D:12     | Killed Lodul
  9613 | D:12     | Reached skill level 10 in Armour
  9684 | D:12     | Reached skill level 1 in Polearms
 10041 | D:11     | Bought the +8 trishula "Condemnation" {holy, anguish,
                  | *Noise Fly rN+} for 943 gold pieces
 10041 | D:11     | Found the +8 trishula "Condemnation" {holy, anguish, *Noise
                  | Fly rN+}
 10087 | Lair:1   | Entered Level 1 of the Lair of Beasts
 10125 | Lair:2   | Reached skill level 1 in Evocations
 10411 | Lair:1   | Reached skill level 5 in Polearms
 10652 | Lair:1   | Noticed Fannar
 10658 | Lair:1   | Killed Fannar
 10682 | Lair:1   | Reached ***** piety under Nemelex Xobeh
 10723 | Lair:1   | Noticed Gastronok
 10744 | Lair:1   | Killed Gastronok
 10964 | Lair:2   | Reached XP level 14. HP: 101/113 MP: 20/22
 11084 | Lair:2   | Received a gift from Nemelex Xobeh
 11157 | Lair:2   | Found a staircase to the Snake Pit.
 11194 | Lair:2   | Reached skill level 1 in Throwing
 11567 | Lair:3   | Noticed Bravepunisher's ghost (journeyman SpMo)
 11716 | Lair:2   | Received a gift from Nemelex Xobeh
 11843 | Lair:2   | Reached skill level 10 in Polearms
 12033 | Lair:3   | Found a runed translucent gate.
 12034 | Lair:3   | Found a runed translucent gate.
 12035 | Lair:3   | Found a runed translucent gate.
 12267 | Lair:3   | Found a staircase to the Shoals.
 12459 | Lair:4   | Received a gift from Nemelex Xobeh
 12769 | Lair:4   | Noticed Josephine
 12796 | Lair:4   | Killed Josephine
 12875 | Lair:5   | Entered Level 5 of the Lair of Beasts
 12948 | Lair:4   | Received a gift from Nemelex Xobeh
 12965 | Lair:4   | Reached ****** piety under Nemelex Xobeh
 12983 | Lair:5   | Reached XP level 15. HP: 117/120 MP: 24/24
 13437 | Lair:5   | Reached skill level 5 in Evocations
 13480 | Lair:5   | Received a gift from Nemelex Xobeh
 13592 | Lair:5   | Found a runed translucent door.
 13594 | Lair:5   | Noticed an acid blob
 13596 | Lair:5   | Noticed an acid blob
 13596 | Lair:5   | Noticed an acid blob
 13643 | Lair:5   | Found a staircase to the Slime Pits.
 13980 | Lair:5   | Got an earthy gem with 122 turns to spare
 14105 | Lair:5   | Lost the earthy gem through the power of Zot.
 14249 | Lair:3   | Killed Bravepunisher's ghost
 14296 | Lair:3   | Got the ring of Hatoic {Fire rN+}
 14445 | D:14     | Noticed Rupert
 14445 | D:14     | Received a gift from Nemelex Xobeh
 14713 | D:13     | Found Plog's Distillery.
 14762 | D:13     | Found a transporter.
 14775 | D:13     | Reached XP level 16. HP: 124/131 MP: 24/27
 14775 | D:13     | Noticed Poeklyxamm's ghost (journeyman MiFi)
 14846 | D:14     | Identified the +0 ring mail of Jiys {Harm Int-3 Dex-2
                  | Stlth+}
 14937 | D:13     | Received a gift from Nemelex Xobeh
 15022 | D:13     | Reached skill level 15 in Invocations
 15137 | D:13     | Found a gate to the Vaults.
 15169 | D:13     | Identified the +5 scale mail of Light {rF+ rCorr Dex+3}
 15170 | D:13     | Found a transporter.
 15774 | D:14     | Received a gift from Nemelex Xobeh
 15805 | D:14     | Killed Rupert
 15836 | D:15     | Entered Level 15 of the Dungeon
 15836 | D:15     | Noticed Azrael
 15940 | D:14     | Received a gift from Nemelex Xobeh
 16086 | D:15     | Identified the -2 quarterstaff "Genaocsa" {venom, rPois rC+
                  | Will+ SInv}
 16181 | Orc:1    | Entered Level 1 of the Orcish Mines
 16478 | Orc:2    | Entered Level 2 of the Orcish Mines
 16514 | Orc:2    | Received a gift from Nemelex Xobeh
 16753 | Orc:2    | Found a dark tunnel.
 16778 | Volcano  | Entered a volcano
 16796 | Volcano  | Found a large runed translucent door.
 16796 | Volcano  | Found a large runed translucent door.
 16841 | Volcano  | Found a large runed translucent door.
 16841 | Volcano  | Found a large runed translucent door.
 16861 | Volcano  | Found a large runed translucent door.
 16861 | Volcano  | Found a large runed translucent door.
 16892 | Volcano  | Found a large runed translucent door.
 16892 | Volcano  | Found a large runed translucent door.
 16931 | Volcano  | Found a large runed translucent door.
 16931 | Volcano  | Found a large runed translucent door.
 16995 | Volcano  | Found a large runed translucent door.
 16995 | Volcano  | Found a large runed translucent door.
 17045 | Volcano  | Reached XP level 17. HP: 111/140 MP: 27/29
 17095 | Volcano  | Found a large runed translucent door.
 17096 | Volcano  | Found a large runed translucent door.
 17113 | Volcano  | Found a large runed translucent door.
 17113 | Volcano  | Found a large runed translucent door.
 17126 | Volcano  | Found a large runed translucent door.
 17126 | Volcano  | Found a large runed translucent door.
 17449 | Orc:2    | Received a gift from Nemelex Xobeh
 17537 | Orc:2    | Reached skill level 15 in Fighting
 17685 | Orc:2    | Found Tayph's Magic Scroll Boutique.
 17713 | Orc:2    | Found Xuqog's Book Shoppe.
 17720 | Orc:2    | Found Odasav's Book Shoppe.
 17722 | Orc:2    | Found Icragerchoj's Antique Weapon Boutique.
 17755 | Orc:2    | Bought a scroll of butterflies for 56 gold pieces
 17755 | Orc:2    | Bought a scroll of enchant armour for 105 gold pieces
 17755 | Orc:2    | Bought a scroll of identify for 28 gold pieces
 17834 | Orc:2    | Found a staircase to the Elven Halls.
 18234 | Shoals:1 | Entered Level 1 of the Shoals
 18255 | Shoals:1 | Reached XP level 18. HP: 141/149 MP: 27/30
 18460 | Shoals:1 | Noticed a kraken
 19093 | Shoals:2 | Received a gift from Nemelex Xobeh
 19540 | Shoals:2 | Noticed Frances
 19622 | Shoals:2 | Found a transporter.
 19628 | Shoals:2 | Noticed Ullipcorian's ghost (adept HOFi)
 19629 | Shoals:2 | Found a bloodstained altar of Trog.
 19676 | Shoals:2 | Noticed Roxanne
 19710 | Shoals:2 | Identified the +1 rapier "Vedofakh" {heavy, rF- Str-5 Int+8
                  | Dex+7}
 19799 | Shoals:2 | Killed Frances
 19806 | Shoals:2 | Received a gift from Nemelex Xobeh
 19807 | Shoals:2 | Noticed Ilsuiw
 19845 | Shoals:2 | Killed Ilsuiw
 20089 | Shoals:2 | Found a transporter.
 20191 | Shoals:2 | Killed Roxanne
 20507 | Shoals:3 | Reached skill level 5 in Dodging
 20761 | Shoals:3 | Received a gift from Nemelex Xobeh
 20812 | Shoals:3 | Found Rupsiqo's Antique Weapon Boutique.
 21071 | Shoals:4 | Entered Level 4 of the Shoals
 21212 | Shoals:4 | Reached XP level 19. HP: 56/159 MP: 13/32
 21347 | Shoals:4 | Received a gift from Nemelex Xobeh
 21381 | Shoals:4 | Reached skill level 1 in Ranged Weapons
 21694 | Shoals:4 | Identified the +14 crystal plate armour of Fortification
                  | {rPois rF- rCorr Int+4}
 22101 | Shoals:4 | Identified the +6 falchion of Checkmate {spect, Str+8 Int-2
                  | Dex+4}
 22283 | Shoals:4 | Got a barnacled rune of Zot
 22346 | Shoals:4 | Received a gift from Nemelex Xobeh
 22467 | Shoals:2 | Reached skill level 5 in Throwing
 22479 | Shoals:2 | Killed Ullipcorian's ghost
 22638 | Snake:1  | Entered Level 1 of the Snake Pit
 22682 | Snake:1  | Identified the +8 long sword "Spiderslayer" {heavy, Str+2}
 22737 | Snake:1  | Received a gift from Nemelex Xobeh
 23205 | Snake:2  | Found a glacial archway.
 23205 | Snake:2  | Received a gift from Nemelex Xobeh
 23217 | IceCv    | Entered an ice cave
 23401 | IceCv    | Identified the +1 pair of boots of the Locust {rPois Will-
                  | Dex+6 Stlth-}
 23410 | IceCv    | Noticed an Ice Fiend
 23442 | IceCv    | Killed an Ice Fiend
 23453 | IceCv    | Found the +10 tower shield of Ignorance {rN+ Int-4}
 23805 | Snake:2  | Found a transporter.
 23807 | Snake:2  | Found a transporter.
 23831 | Snake:2  | Found a transporter.
 23834 | Snake:2  | Found a transporter.
 24138 | Snake:3  | Reached XP level 20. HP: 128/168 MP: 33/33
 24231 | Snake:4  | Entered Level 4 of the Snake Pit
 24265 | Snake:3  | Reached skill level 10 in Shields
 24323 | Snake:4  | Received a gift from Nemelex Xobeh
 25583 | Snake:2  | Found a transporter.
 25765 | Snake:2  | Reached skill level 15 in Shields
 25807 | Snake:2  | Found a transporter.
 25982 | Snake:2  | Identified the +7 rapier "Poenemm" {heavy, ^Contam rN+
                  | Will++ Dex+2}
 26577 | Snake:4  | Received a gift from Nemelex Xobeh
 26625 | Snake:4  | Received a gift from Nemelex Xobeh
 27092 | Snake:4  | Received a gift from Nemelex Xobeh
 27183 | Snake:4  | Got a serpentine rune of Zot
 27340 | Snake:1  | Found Ikhlironong's Book Shoppe.
 27340 | Snake:1  | Found Gulanlil's Jewellery Shop.
 27341 | Snake:1  | Found Ceuletus's Jewellery Shop.
 27359 | Snake:1  | Bought the ring "Ydukkeut" {rPois rF+ rC- Str+4} for 424
                  | gold pieces
 27815 | D:15     | Killed Azrael
 27818 | D:15     | Reached XP level 21. HP: 163/174 MP: 31/34
 27848 | D:15     | Found Sanutwolai's Book Shoppe.
 27868 | D:15     | Received a gift from Nemelex Xobeh
 28058 | D:15     | Found a staircase to the Depths.
 28367 | Vaults:1 | Entered Level 1 of the Vaults
 28624 | Vaults:1 | Identified the serpent talisman "Sumoemal" {rF+ rN+++ Str-4
                  | Dex+6}
 28624 | Vaults:1 | Noticed Aizul
 28643 | Vaults:1 | Killed Aizul
 28914 | Vaults:1 | Received a gift from Nemelex Xobeh
 28930 | Vaults:1 | Found Pifululi's Jewellery Emporium.
 28938 | Vaults:1 | Bought the amulet of the Four Winds {rN+ Will+++ Clar} for
                  | 1214 gold pieces
 28938 | Vaults:1 | Found the amulet of the Four Winds {rN+ Will+++ Clar}
 29803 | Vaults:1 | Received a gift from Nemelex Xobeh
 30192 | Vaults:2 | Received a gift from Nemelex Xobeh
 30211 | Vaults:2 | Noticed Asterion
 30215 | Vaults:2 | Asterion changed into Asterion the steelbarb worm
 30215 | Vaults:2 | Noticed Asterion
 30217 | Vaults:2 | Killed Asterion the steelbarb worm
 30310 | Vaults:2 | Reached XP level 22. HP: 183/183 MP: 35/35
 30607 | Vaults:2 | Received a gift from Nemelex Xobeh
 31334 | Vaults:3 | Received a gift from Nemelex Xobeh
 31897 | Vaults:3 | Found a staircase to the Crypt.
 32040 | Vaults:3 | Found Kideusy's Weapon Shop.
 32955 | Vaults:4 | Received a gift from Nemelex Xobeh
 33391 | Vaults:4 | Reached XP level 23. HP: 192/192 MP: 37/37
 33622 | Vaults:4 | Noticed Xtahua
 33703 | Vaults:4 | Xtahua changed into Xtahua the iron dragon
 33703 | Vaults:4 | Noticed Xtahua
 33703 | Vaults:4 | Killed Xtahua the iron dragon
 34131 | Vaults:4 | Found Ytreorgh's Book Emporium.
 34141 | Vaults:4 | Received a gift from Nemelex Xobeh
 34591 | Vaults:4 | Received a gift from Nemelex Xobeh
 34871 | Depths:1 | Entered Level 1 of the Depths
 34990 | Depths:1 | Found a gateway to Hell.
 35214 | Depths:1 | Found a glowing golden altar of the Shining One.
 35302 | Depths:1 | Received a gift from Nemelex Xobeh
 36754 | Depths:2 | Noticed a caustic shrike
 36766 | Depths:2 | Killed a caustic shrike
 36807 | Depths:2 | Reached XP level 24. HP: 112/206 MP: 38/38
 37596 | Depths:2 | Received a gift from Nemelex Xobeh
 37631 | Depths:2 | Noticed a caustic shrike
 37643 | Depths:2 | Killed a caustic shrike
 37785 | Depths:2 | Found a one-way gate leading to the halls of Pandemonium.
 37900 | Depths:2 | Found a shadowy altar of Dithmenos.
 37990 | Depths:2 | Found a one-way gateway to a ziggurat.
 38280 | Depths:1 | Identified the +3 quarterstaff of Qijuag {holy, Fly MP+9
                  | Int-4}
 38470 | Depths:3 | Found a one-way gate to the infinite horrors of the Abyss.
 38552 | Depths:3 | Noticed a juggernaut
 38575 | Depths:3 | Killed a juggernaut
 38998 | Depths:3 | Noticed a caustic shrike
 39015 | Depths:3 | Killed a caustic shrike
 39117 | Depths:3 | Received a gift from Nemelex Xobeh
 39331 | Depths:3 | Noticed a golden dragon
 39343 | Depths:3 | Killed a golden dragon
 39360 | Depths:3 | Noticed a golden dragon
 39377 | Depths:3 | Killed a golden dragon
 39734 | Depths:3 | Identified the ring "Emnaju Fann" {Ice Int+3}
 39744 | Depths:3 | Identified the ring of Bacy {Wiz ^Drain rC+ rCorr}
 40075 | Depths:3 | Noticed a golden dragon
 40088 | Depths:3 | Killed a golden dragon
 40350 | Depths:4 | Entered Level 4 of the Depths
 40376 | Depths:3 | Found a white marble altar of Elyvilon.
 40568 | Depths:3 | Identified the +1 leather armour of Day {Slay+3}
 40622 | Depths:3 | Reached XP level 25. HP: 221/221 MP: 38/38
 40889 | Depths:3 | Noticed an ancient lich
 40894 | Depths:3 | Killed an ancient lich
 41514 | Depths:4 | Received a gift from Nemelex Xobeh
 41522 | Depths:4 | Found a gate to the Realm of Zot.
 42480 | Depths:4 | Received a gift from Nemelex Xobeh
 43132 | Vaults:5 | Entered Level 5 of the Vaults
 43150 | Vaults:5 | Reached skill level 10 in Throwing
 43416 | Vaults:5 | Identified the orb of Crawling {light, Int+4}
 43416 | Vaults:5 | Noticed Frederick
 43419 | Vaults:5 | Frederick changed into Frederick the rockslime
 43419 | Vaults:5 | Noticed Frederick
 44032 | Depths:3 | Noticed a caustic shrike
 44044 | Depths:3 | Killed a caustic shrike
 44280 | Crypt:1  | Entered Level 1 of the Crypt
 44403 | Crypt:1  | Identified the +5 battleaxe of the Everdark {vamp, rElec
                  | rC+ Will++ rCorr}
 44405 | Crypt:1  | Reached skill level 15 in Armour
 44421 | Crypt:1  | Reached XP level 26. HP: 209/235 MP: 38/38
 44845 | Crypt:1  | Found a runed translucent door.
 44846 | Crypt:1  | Noticed Pentibyell's ghost (veteran GrEE)
 44914 | Crypt:1  | Killed Pentibyell's ghost
 45031 | Crypt:1  | Received a gift from Nemelex Xobeh
 45187 | Crypt:1  | Reached skill level 15 in Axes
 45552 | Crypt:3  | Entered Level 3 of the Crypt
 45881 | Crypt:2  | Received a gift from Nemelex Xobeh
 47026 | Crypt:3  | Found a basalt altar of Yredelemnul.
 47107 | Crypt:3  | Received a gift from Nemelex Xobeh
 47289 | Crypt:3  | Identified the +5 flail of Fee Simple {protect, rF+}
 47486 | Crypt:3  | Noticed Khufu
 47842 | Crypt:3  | Identified the staff "Aviem" {rN+ Stlth+ Necro}
 47976 | Crypt:3  | Killed Khufu
 47977 | Crypt:3  | Reached XP level 27. HP: 228/242 MP: 38/38
 48029 | Crypt:3  | Found a staircase to the Tomb.
 48347 | Vaults:5 | Killed Frederick the rockslime
 48605 | Elf:1    | Entered Level 1 of the Elven Halls
 48957 | Elf:1    | Received a gift from Nemelex Xobeh
 49403 | Elf:2    | Found Nonuoga's Weapon Emporium.
 49416 | Elf:2    | Received a gift from Nemelex Xobeh
 49528 | Elf:2    | Found a huge runed translucent gate.
 49528 | Elf:2    | Found a huge runed translucent gate.
 49528 | Elf:2    | Found a huge runed translucent gate.
 49544 | Elf:2    | Found a huge runed translucent gate.
 49547 | Elf:2    | Found a huge runed translucent gate.
 49825 | Elf:2    | Identified the +6 scimitar "Ciptusir" {pain, rElec rN++
                  | rCorr Int-3}
 50217 | Elf:3    | Entered Level 3 of the Elven Halls
 50377 | Elf:3    | Received a gift from Nemelex Xobeh
 50399 | Elf:3    | Found Kupuliuzi's Firing Range.
 50831 | Elf:3    | Found the +6 Majin-Bo {spellvamp, MP+6 Int+6}
 50937 | Elf:3    | Identified the ring "Qeatuish" {rC++ MP+9}
 50951 | Elf:3    | Identified the +2 arbalest of Purpose {heavy, Dex+4}
 50999 | Elf:3    | Identified the +1 morningstar of the Common Good {venom,
                  | rF+ rN+ Str+2}
 51010 | Elf:3    | Identified the staff "Liaprius" {rN+ rCorr Str-5 Necro
                  | Tloc}
 51023 | Elf:3    | Identified the +0 plate armour of a bailey {*Slow Slay+6}
 51101 | Elf:3    | Acquired 305 gold pieces
 51682 | Vaults:5 | Noticed a dread lich
 51705 | Vaults:4 | Killed a dread lich
 52031 | Vaults:5 | Got a silver rune of Zot
 52043 | Vaults:5 | Identified the amulet "Sasir" {Spirit +Blink rC++ rCorr
                  | Dex-3}
 52598 | Vaults:5 | Noticed Bai Suzhen
 52616 | Vaults:5 | Killed Bai Suzhen
 53178 | Zot:1    | Entered Level 1 of the Realm of Zot
 53462 | Zot:1    | Received a gift from Nemelex Xobeh
 53780 | Zot:1    | Received a gift from Nemelex Xobeh
 54503 | Zot:2    | Received a gift from Nemelex Xobeh
 55617 | Zot:3    | Received a gift from Nemelex Xobeh
 55689 | Zot:3    | Reached skill level 10 in Dodging
 57190 | Zot:4    | Received a gift from Nemelex Xobeh
 57624 | Zot:5    | Entered Level 5 of the Realm of Zot
 57897 | Zot:5    | Noticed an ancient lich
 57923 | Zot:5    | Killed an ancient lich
 58034 | Zot:5    | Noticed a Killer Klown
 58067 | Zot:5    | Killed a Killer Klown
 58126 | Zot:5    | Noticed a Killer Klown
 58154 | Zot:5    | Killed a Killer Klown
 58159 | Zot:5    | Noticed an orb of fire
 58165 | Zot:5    | Killed an orb of fire
 58652 | Snake:1  | Bought a +6 ring of intelligence for 432 gold pieces
 59168 | Zot:5    | Noticed an orb of fire
 59174 | Zot:5    | Gained mutation: You are clumsy. (Dex -2) [an orb of fire]
 59176 | Zot:5    | Killed an orb of fire
 59185 | Zot:5    | Noticed an ancient lich
 59203 | Zot:5    | Killed an ancient lich
 59209 | Zot:5    | Noticed an orb of fire
 59214 | Zot:5    | Gained mutation: You have hidden genetic potential. [an orb
                  | of fire]
 59220 | Zot:5    | Gained mutation: Armour fits poorly on your strangely
                  | shaped body. [an orb of fire]
 59222 | Zot:5    | Killed an orb of fire
 59224 | Zot:5    | Noticed a Killer Klown
 59228 | Zot:5    | Killed a Killer Klown
 59232 | Zot:5    | Noticed a Killer Klown
 59235 | Zot:5    | Killed a Killer Klown
 59303 | Zot:5    | Lost mutation: You are clumsy. (Dex -2) [potion of
                  | mutation]
 59303 | Zot:5    | Lost mutation: Armour fits poorly on your strangely shaped
                  | body. [potion of mutation]
 59303 | Zot:5    | Gained mutation: Your mind is acute. (Int +4, Str/Dex -1)
                  | [potion of mutation]
 59344 | Zot:5    | Received a gift from Nemelex Xobeh
 59405 | Zot:5    | Noticed an orb of fire
 59415 | Zot:5    | Lost mutation: Your mind is acute. (Int +4, Str/Dex -1) [an
                  | orb of fire]
 59420 | Zot:5    | Gained mutation: Armour fits poorly on your strangely
                  | shaped body. [an orb of fire]
 59422 | Zot:5    | Killed an orb of fire
 59457 | Zot:5    | Noticed a Killer Klown
 59471 | Zot:5    | Killed a Killer Klown
 59525 | Zot:5    | Noticed a dread lich
 59526 | Zot:5    | Noticed an orb of fire
 59533 | Zot:5    | Gained mutation: You occasionally shout uncontrollably at
                  | your foes. [an orb of fire]
 59535 | Zot:5    | Gained mutation: You are vulnerable to cold. (rC-) [an orb
                  | of fire]
 59545 | Zot:5    | Gained mutation: You are clumsy. (Dex -2) [an orb of fire]
 59546 | Zot:5    | Killed an orb of fire
 59549 | Zot:5    | Killed a dread lich
 59698 | Zot:5    | Lost mutation: You have hidden genetic potential. [potion
                  | of mutation]
 59698 | Zot:5    | Lost mutation: You occasionally shout uncontrollably at
                  | your foes. [potion of mutation]
 59698 | Zot:5    | Gained mutation: You are very clumsy. (Dex -4) [potion of
                  | mutation]
 59698 | Zot:5    | Gained mutation: You are dopey. (Int -2) [potion of
                  | mutation]
 59699 | Zot:5    | Lost mutation: You are vulnerable to cold. (rC-) [potion of
                  | mutation]
 59699 | Zot:5    | Lost mutation: Armour fits poorly on your strangely shaped
                  | body. [potion of mutation]
 59699 | Zot:5    | Lost mutation: You are dopey. (Int -2) [potion of mutation]
 59699 | Zot:5    | Gained mutation: You expend magic power (3 MP) to
                  | strengthen your wands. [potion of mutation]
 59699 | Zot:5    | Gained mutation: You are resistant to electric shocks.
                  | (rElec) [potion of mutation]
 59699 | Zot:5    | Gained mutation: You possess an exceptional clarity of
                  | mind. [potion of mutation]
 59744 | Zot:5    | Noticed a Killer Klown
 59758 | Zot:5    | Killed a Killer Klown
 59929 | Zot:5    | Got the Orb of Zot
 60243 | Depths:2 | Noticed Ajupnov the pandemonium lord
 60404 | D:9      | Noticed Ledexuil the pandemonium lord
 60432 | D:7      | Killed Jeremiah
 60572 | D:$      | Escaped with the Orb!

Illustrated notes

Levels and vault maps discovered:
D:1:      wander_arrival_peaceful_grave, layout_basic
D:2:      layout_loops_cross, minmay_misc_feat_columns, uniq_jessica
D:3:      layout_rooms, ashenzari_conservatory_becter, minmay_misc_feat_iff,
          uniq_terence
D:4:      layout_basic, minmay_temple_entry_junction_2, serial_shops, shop,
          kennysheep_generic_room_12
D:5:      layout_basic, lemuel_doored_altar, nicolae_figureground_sparkle
D:6:      layout_basic
D:7:      layout_loops_cross, enter_bailey_7, uniq_jeremiah, uniq_pikel,
          uniq_menkaure
D:8:      layout_layer_cave, grunt_gozag_statues, uniq_erica, uniq_amaemon,
          uniq_maggie, uniq_maurice
D:9:      layout_basic, fedhas_altar_1
D:10:     layout_rooms, david_lair_generic, onia_ninara_dug_in_and_dangerous
D:11:     layout_small_grid, serial_shops, shop
D:12:     gammafunk_wand_slinger, layout_cave_pods, orc_0_dummy, special_room
          [special_room_orc], uniq_lodul
D:13:     layout_basic, hangedman_vaults_entry_quadrant_bands, serial_shops,
          shop, gammafunk_ghost_mausoleum, grunt_ministairs_13,
          small_statue_intersection, minivault_10
D:14:     layout_cave_pools, grunt_decor_arrowhead, uniq_rupert
D:15:     gammafunk_depths_entry_grave, layout_rooms, serial_shops,
          nicolae_shop_window_shopping, nicolae_tricolors, uniq_azrael
Temple:   dpeg_three_leaves_temple
Lair:1:   layout_loops_ring, uniq_gastronok, uniq_fannar
Lair:2:   layout_cave_pods, minmay_snake_entry_six_corridors,
          grunt_forest_large_clearings, grunt_megastairs_2
Lair:3:   layout_regular_city, nicolae_shoals_entry_roost, gammafunk_ghost_icy
Lair:4:   wander_river, layout_regular_city, uniq_josephine
Lair:5:   minmay_lair_end_frog_pond, layout_loops_ring, slime_entry_2,
          grunt_forest_small_clearing_treed, lemuel_fruit_fields
Shoals:1: layout_shoals, nicolae_shoals_spring_well_temple
Shoals:2: layout_shoals, gammafunk_ghost_wrathful_warriors,
          nicolae_shoals_hidden_pirate_stash, uniq_ilsuiw, uniq_frances,
          uniq_roxanne
Shoals:3: layout_shoals, serial_shops, shop, nicolae_shoals_shepherds
Shoals:4: shoals_end_grunt_garden, layout_shoals, nicolae_shoals_land_atoll,
          yaktaur_hedge
Snake:1:  layout_grid_shapes, minmay_shop_grove
Snake:2:  nicolae_snakescales, layout_basic, portal_ice_cave_entry_pillars_1,
          serial_nicolae_subway, nicolae_sub_station_metal,
          nicolae_sub_station_stone, nicolae_sub_station_crystal
Snake:3:  layout_rooms, serial_library_regret_index_small_wings
Snake:4:  johnstein_snake_rune_scales, layout_chambers
Orc:1:    layout_caves
Orc:2:    st_orc_elflike, layout_diamond_mine, nicolae_volcano_entry_batcave
Elf:1:    eino_elf_arrival_shootout, layout_geoelf_grid,
          nicolae_elf_crossing_hall, minivault_8
Elf:2:    elven_hall_of_blades_hangedman_alternative
          [nicolae_blade_little_rooms], layout_geoelf_grid, serial_shops,
          nicolae_shop_real_fake_doors, uniq_norris
Elf:3:    minmay_elf_hall_four_x, layout_rooms, st_stairs_7,
          hangedman_elven_pyramids, nicolae_shop_firing_range
Vaults:1: vaults_dpeg_ring, grunt_vaults_hallway_short, ontoclasm_vaults_hangar,
          nicolae_vaults_theta, serial_ice_g, v_pattern_3, nicolae_vaults_prndl,
          grunt_vaults_hallway_short, v_rooms_6,
          nicolae_vaults_loss_of_containment, vaults_dpeg_doors,
          nicolae_vaults_trapezoid_layered, nicolae_vaults_frosty_reception,
          nicolae_vaults_heart-shaped_vault, nicolae_vaults_tangram_1,
          serial_ice_h, layout_vaults_maze, serial_shops,
          nicolae_shop_gaudy_bauble, uniq_aizul
Vaults:2: hangedman_vaults_corner, hangedman_vaults_nodes, serial_ice_h,
          vaults_room_boxed, vaults_dpeg_cross, hangedman_vaults_capsules,
          v_misc_10, layout_vaults_omnigrid, uniq_asterion
Vaults:3: nicolae_vaults_surprise_closet, nicolae_vaults_disappearing_quadrants,
          nicolae_vaults_storage_room_doors,
          nicolae_vaults_variable_pillar_hall_cross, ontoclasm_vaults_shuriken,
          nicolae_vaults_trapezoid_lopsided_4, v_misc_30,
          ontoclasm_vaults_ligature, nicolae_vaults_bisected_inception,
          minmay_crypt_entry_simple_statues, v_alt_pattern_1, minmay_orc_keep,
          nicolae_vaults_little_squares_5, ontoclasm_vaults_misaligned,
          vaults_dpeg_diagonal, serial_ice_h, layout_vaults_omnibox,
          serial_shops, nicolae_shop_bloodbath_and_beyond
Vaults:4: ontoclasm_vaults_tryst, hangedman_vaults_cutoff, grunt_vaults_bifocal,
          vaults_dpeg_encased_lava, nicolae_vaults_bisected_slash,
          vaults_room_fours, nicolae_vaults_sesquioval_fish, v_misc_4,
          nicolae_vaults_heist, nicolae_vaults_double_plus_2,
          vaults_room_hallway, nicolae_vaults_closet_pinwheel_5,
          layout_vaults_big_cross, serial_shops, shop, uniq_xtahua
Vaults:5: uniq_frederick, uniq_bai_suzhen
Crypt:1:  layout_chaotic_city, gammafunk_ghost_grave, grunt_crypt_arrival_webbed
Crypt:2:  layout_misc_corridors, hex_medium, evilmike_ambush
          [evilmike_ambush_outer_basic, evilmike_ambush_inner_basic]
Crypt:3:  grunt_crypt_end_deaths_head
Depths:1: layout_basic, pf_coc_iceberg, tso_metal_star,
          small_chamber_with_monster, lemuel_flamethrower_2, firewood_loft
Depths:2: nooodl_heptagram, layout_gridlike, enter_ziggurat_e, hell_entry,
          nicolae_dithmenos_the_darkroom, pan_entry, serial_bayou_shore_b
Depths:3: little_maze_vault, layout_gridville, rand_demon_pan_entry_1,
          abyss_entry, minmay_staircase_statues, hell_entry, elyvilon_altar_5,
          grunt_megastairs_1
Depths:4: grunt_x_marks_the_spot, layout_gridlike, grunt_decor_resistance,
          pf_vacation_house_of_asmodeus, abyss_entry, grunt_pan_entry_in_and_out
Zot:1:    layout_gridlike, regret_index_zotdec_banners, grunt_megastairs_4,
          uniq_josephina
Zot:2:    layout_misc_corridors, lemuel_elevator,
          regret_index_zotdec_twisting_globes
Zot:3:    layout_gridlike, regret_index_zotdec_tunneler
Zot:4:    layout_misc_corridors
Zot:5:    layout_misc_corridors, grunt_ministairs_4

Skill      XL: |  1  2  3  4  5  6  7  8  9 10 11 12 13 14 15 16 17 18 19 20 21 22 23 24 25 26 27 |
---------------+----------------------------------------------------------------------------------+-----
Fighting       | 2 3 4 6 8 10 11 12 13 14 15 16 17 18 20 23 25 | 25.0
Axes           | 2 3 5 7 9 12 13 14 18 23 | 23.2
Armour         | 6 7 9 10 11 12 13 14 15 20 | 20.7
Invocations    | 7 8 10 12 14 16 17 18 19 20 22 23 25 | 25.0
Shields        | 3 5 9 17 20 23 | 23.0
Polearms       | 7 11 | 11.0
Evocations     | 4 5 8 |  8.0
Throwing       | 2 9 11 | 11.0
Dodging        | 5 7 14 | 14.9
Ranged Weapons | 2 |  2.0
Unarmed Combat | |  3.0
Shapeshifting  | |  3.2

Action                     |  1- 3 |  4- 6 |  7- 9 | 10-12 | 13-15 | 16-18 | 19-21 | 22-24 | 25-27 || total
---------------------------+-------+-------+-------+-------+-------+-------+-------+-------+-------++-------
  Melee: Unarmed           |    43 |   179 |       |       |       |       |       |       |       ||   222
         Dagger            |     1 |       |       |       |       |       |       |       |       ||     1
         Punch             |       |     6 |     8 |     6 |       |       |       |       |       ||    20
         Hand axe          |       |    39 |   245 |   509 |   185 |       |       |       |       ||   978
         Trishula          |       |       |       |       |  1011 |  1058 |  1805 |  1967 |  1213 ||  7054
         Battleaxe         |       |       |       |       |       |       |       |       |  1578 ||  1578
         Executioner's axe |       |       |       |       |       |       |       |       |   160 ||   160
   Fire: Sling             |    16 |     5 |       |       |       |       |       |       |       ||    21
  Throw: Stone             |       |     7 |       |       |       |       |       |       |       ||     7
         Dart              |       |     6 |     3 |       |    14 |    16 |    35 |    11 |     2 ||    87
         Boomerang         |       |       |       |       |       |       |     2 |       |     9 ||    11
         Javelin           |       |       |       |       |       |       |       |       |    25 ||    25
 Invoke: Draw Destruction  |       |       |       |     8 |     3 |    21 |    14 |    23 |    15 ||    84
         Draw Summoning    |       |       |       |     2 |     1 |     2 |     4 |       |       ||     9
         Draw Escape       |       |       |       |     1 |       |     5 |       |     2 |       ||     8
         Stack Five        |       |       |       |       |     1 |       |     1 |     1 |     1 ||     4
         Draw Stack        |       |       |       |       |       |     3 |     4 |     4 |     4 ||    15
         Deal Four         |       |       |       |       |       |       |     1 |     2 |     8 ||    11
Ability: Dig               |       |     1 |       |     4 |    11 |    10 |     4 |     2 |     4 ||    36
         Begin Untransform |       |       |     1 |       |       |       |       |       |       ||     1
  Evoke: Wand              |       |     2 |     1 |     2 |       |       |     3 |       |     2 ||    10
    Use: Scroll            |       |     7 |     5 |     6 |     6 |     9 |     4 |     2 |    19 ||    58
         Potion            |       |       |     2 |     1 |       |     3 |     4 |     1 |     4 ||    15
   Stab: Sleeping          |     2 |       |       |       |       |       |       |       |       ||     2
         Petrified         |       |       |       |       |       |       |    14 |       |       ||    14
         Distracted        |       |       |       |       |       |       |     1 |       |     1 ||     2
 Armour: Animal skin       |    14 |       |       |       |       |       |       |       |       ||    14
         Leather armour    |     7 |       |       |       |       |       |       |       |       ||     7
         Ring mail         |     8 |    11 |       |       |       |       |       |       |       ||    19
         Plate armour      |       |   168 |   198 |   306 |   606 |   658 |    36 |       |     4 ||  1976
         Chain mail        |       |       |       |       |       |    10 |       |       |       ||    10
         Crystal plate arm |       |       |       |       |       |       |   766 |   541 |   151 ||  1458
         Gold dragon scale |       |       |       |       |       |       |       |       |  1028 ||  1028
  Dodge: Dodged            |    23 |    68 |    83 |   109 |   194 |   210 |   196 |   113 |   287 ||  1283
  Block: Buckler           |       |       |       |    59 |   139 |   148 |    65 |       |       ||   411
         Kite shield       |       |       |       |       |       |       |   306 |       |       ||   306
         Tower shield      |       |       |       |       |       |       |   349 |  1628 |  2982 ||  4959
